 Dungeon Crawl Stone Soup version 0.28.0-53-g5a82cb258f (webtiles) character file.

Game seed: 9865085154045525649

109 Gabide the Insei (level 4, -1/35 HPs)
             Began as a Mummy Monk on May 28, 2022.
             Slain by Crazy Yiuf
             ... wielding a +4 quarterstaff of chaos
              (11 damage)
             ... on level 2 of the Dungeon.
             The game lasted 00:03:24 (2754 turns).

Gabide the Insei (Mummy Monk)                       Turns: 2754, Time: 00:03:25

Health: -1/35      AC:  3    Str: 14    XL:     4   Next: 59%
Magic:  4/4        EV: 13    Int:  9    God:
Gold:   126        SH:  0    Dex: 16    Spells: 3/3 levels left

rFire   x . .      SeeInvis .     - Unarmed
rCold   + . .      Faith    .   (no shield)
rNeg    + + +      Spirit   .   a - +0 robe
rPois   ∞          Reflect  .   (no helmet)
rElec   .          Harm     .   b - +0 cloak
rCorr   .          Rampage  .   (no gloves)
Will    .....                   (no boots)
Stlth   ++........              (no amulet)
HPRegen 0.11/turn               (no ring)
MPRegen 0.09/turn               (no ring)

@: no status effects
A: cold resistance 1, negative energy resistance 3, torment resistance 2, heat
vulnerability 1, no potions
a: no special abilities


You were on level 2 of the Dungeon.
You visited 1 branch of the dungeon, and saw 2 of its levels.

You collected 126 gold pieces.

Inventory:

Armour
 a - a +0 robe (worn)
 b - a +0 cloak (worn)
Scrolls
 c - a scroll of noise {unknown}


   Skills:
 - Level 3.0 Fighting
 - Level 3.0 Dodging
 - Level 1.5 Stealth
 + Level 4.1 Unarmed Combat


You had 3 spell levels left.
You didn't know any spells.
Your spell library was empty.

Dungeon Overview and Level Annotations

Branches:
Dungeon (2/15)

Altars:

Annotations:
D:2 Crazy Yiuf


Innate Abilities, Weirdness & Mutations

You are immune to poison.
Your flesh is cold resistant. (rC+)
You are immune to negative energy. (rN+++)
You are immune to unholy pain and torment.
You are vulnerable to heat. (rF-)
You do not drink.


Message History

No target in view!
You see here a giant cockroach corpse.
You see here a rat corpse.
You see here a +0 short sword.
Crazy Yiuf shouts!
Crazy Yiuf says, "Ten!
Citrus eyeball sing."
Could not explore, unopened runed door.
Could not explore, unopened runed door.
Press: ? - help, v - describe, . - travel
Here: Crazy Yiuf, wielding a +4 quarterstaff of chaos and wearing a +1 cloak of poison resistance (fire blocked by a runed translucent door)
The floor.
Unknown command.
Okay, then.
Press: ? - help, v - describe, . - travel
Here: Crazy Yiuf, wielding a +4 quarterstaff of chaos and wearing a +1 cloak of poison resistance (fire blocked by a runed translucent door)
The floor.
You open the door.
Crazy Yiuf grits, "Ice!
Line illywillydillykilly turtle."
You can't drink.
Okay, then.
You barely miss Crazy Yiuf.
Crazy Yiuf hits you with a +4 quarterstaff of chaos!
You convulse.
You hit Crazy Yiuf.
Crazy Yiuf is moderately wounded.
Crazy Yiuf misses you.
You hit Crazy Yiuf.
Crazy Yiuf is heavily wounded.
Crazy Yiuf barely misses you.
You hit Crazy Yiuf.
Crazy Yiuf is heavily wounded.
Crazy Yiuf hits you with a +4 quarterstaff of chaos.
You barely miss Crazy Yiuf.
Crazy Yiuf is heavily wounded.
Crazy Yiuf hits you with a +4 quarterstaff of chaos!
* * * LOW HITPOINT WARNING * * *
You hit Crazy Yiuf.
Crazy Yiuf is severely wounded.
Crazy Yiuf hits you with a +4 quarterstaff of chaos!
You die...

### ###♣♣♣♣♣ #..
##....♣.♣♣♣ ### #..
##......♣.@♣#...#
#..
#......♣♣♣♣g'...#
#.. ##.....♣♣
♣♣#..)# ###..
######..###♣♣ ###
#####.[.( ...÷.....#
#........ ######...#
#####....
#...################
##### ##
#..................#
.#
#>.......[.........#


You could see Crazy Yiuf.

Vanquished Creatures
  Jessica (D:2)
  2 adders (D:2)
  A worm (D:2)
  A dart slug (D:1)
  3 ball pythons
  2 endoplasms
  7 giant cockroaches
  5 goblins
  4 hobgoblins
  11 kobolds
  4 quokkas
  7 bats (D:1)
  5 frilled lizards
  6 rats
59 creatures vanquished.

Vanquished Creatures (others)
  4 plants (D:2)
4 creatures vanquished.

Grand Total: 63 creatures vanquished

Notes
Turn   | Place    | Note
-------+----------+-------------------------------------------
     0 | D:1      | Gabide the Mummy Monk began the quest for the Orb.
     0 | D:1      | Reached XP level 1. HP: 18/18 MP: 1/1
   503 | D:1      | Reached XP level 2. HP: 17/24 MP: 2/2
  1176 | D:1      | Reached skill level 3 in Unarmed Combat
  1394 | D:1      | Reached XP level 3. HP: 29/29 MP: 3/3
  1551 | D:1      | Found a faded altar of an unknown god.
  1783 | D:2      | Noticed Jessica
  1809 | D:2      | Killed Jessica
  1967 | D:2      | Reached XP level 4. HP: 32/35 MP: 4/4
  2395 | D:2      | Found a runed translucent door.
  2396 | D:2      | Noticed Crazy Yiuf
  2582 | D:2      | Reached skill level 4 in Unarmed Combat
  2754 | D:2      | Slain by Crazy Yiuf

Illustrated notes

Levels and vault maps discovered:
D:1:      amcnicky_arrival_single_pillar, layout_loops_ring,
          chequers_ecumenical_altar_twisty, minmay_tetromino_i4
D:2:      minmay_wonky_spiral, layout_basic, lexackson_kobold_supper,
          uniq_jessica, uniq_crazy_yiuf_cottage

Skill      XL: |  1  2  3  4 |
---------------+-------------+-----
Dodging        | 3 |  3.0
Unarmed Combat | 3 4 |  4.1
Fighting       | |  3.0
Stealth        | |  1.5

Action                   |  1- 3 |  4- 6 || total
-------------------------+-------+-------++-------
Melee: Unarmed           |   156 |    76 ||   232
       Punch             |     5 |     6 ||    11
 Stab: Sleeping          |     3 |     1 ||     4
Armor: Robe              |    36 |     8 ||    44
Dodge: Dodged            |   102 |    41 ||   143
